Map: Fractured Glacier

Players

Smileblind

  • Race: Protoss Protoss
  • League: Silver
  • Spawn Location: 9:00

ikennyng

  • Race: Protoss Protoss
  • League: Bronze
  • Spawn Location: 12:00

A.I. 2 (Very Hard)

  • Race: Zerg Zerg
  • Spawn Location: 6:00

A.I. 3 (Hard)

  • Race: Protoss Protoss
  • Spawn Location: 3:00

VOD

Have the link to the VOD?

Description

Time

  • Played on: Feb. 3, 2019, 9:16 p.m.
  • Length: 16:28
Show
View Real Time Build Order
Export as new Build Order

Smileblind Protoss 

Build Orders:  

Get SALT Encoding   

  12  0:04  Probe  
  13  0:16  Probe  
  13  0:20  Pylon  
  14  0:28  Probe  
  15  0:40  Probe  
  16  0:46  Gateway  
  16  0:51  Assimilator  
  16  0:52  Probe  
  17  1:02  Assimilator  
  17  1:09  Probe  
  18  1:11  Pylon  
  18  1:21  Probe  
  18  1:25  Pylon  
  19  1:33  Probe  
  20  1:41  Zealot  
  20  1:45  Probe  
  21  1:48  Cybernetics Core  
  23  1:58  Probe  
  23  1:59  Gateway  
  24  2:02  Gateway  
  24  2:05  Warp Gate  
  24  2:10  Probe  
  25  2:18  Forge  
  25  2:47  Nexus  
  25  2:53  Probe  
  26  3:05  Probe  
  27  3:07  Photon Cannon  
  27  3:14  Photon Cannon  
  27  3:17  Probe  
  27  3:19  Adept  
  30  3:25  Adept  
  32  3:29  Protoss Ground Weapons Level 1  
  32  3:38  Pylon  
  32  3:53  Stargate  
  32  3:59  Probe  
  32  4:00  Pylon  
  33  4:03  Probe  
  33  4:07  Probe  
  34  4:12  Assimilator  
  34  4:15  Probe  
  36  4:17  Adept  
  38  4:28  Sentry x2  
  38  4:30  Probe  
  43  4:38  Probe  
  43  4:43  Assimilator  
  44  4:48  Probe, Oracle  
  48  4:55  Pylon  
  48  4:56  Probe  
  48  5:04  Probe  
  50  5:14  Probe  
  49  5:26  Probe, Void Ray  
  50  5:37  Stalker  
  50  5:38  Stalker  
  50  5:39  Stalker  
  56  5:59  Fleet Beacon  
  56  6:03  Stalker x3  
  62  6:09  Void Ray  
  66  6:15  Twilight Council  
  66  6:52  Void Ray  
  70  7:35  Tempest  
  71  7:45  Probe  
  72  7:54  Probe  
  73  7:59  Protoss Air Weapons Level 1  
  73  8:03  Probe  
  73  8:05  Stalker  
  73  8:09  Nexus  
  73  8:11  Probe  
  76  8:13  Pylon  
  76  8:16  Pylon  
  76  8:19  Probe, Pylon  
  78  8:29  Pylon, Probe  
  78  8:31  Tempest  
  78  8:33  Pylon  
  84  8:41  Probe  
  85  8:57  Gateway  
  85  8:58  Gateway  
  85  9:00  Gateway  
  85  9:02  Assimilator  
  85  9:07  Assimilator  
  85  9:09  Stargate  
  85  9:11  Stargate  
  85  9:14  Dark Shrine, Carrier  
  83  9:59  Robotics Facility  
  69  10:00  Tempest x2  
  69  10:06  Charge  
  65  10:09  Zealot x3  
  65  10:10  Zealot x3  
  57  10:42  Tempest  
  57  10:43  Dark Templar, Tempest  
  61  10:51  Dark Templar  
  63  11:10  Observer  
  50  11:22  Dark Templar x2  
  44  11:32  Observer  
  44  11:47  Dark Templar  
  46  12:04  Probe  
  47  12:10  Void Ray  
  47  12:12  Probe  
  51  12:21  Probe  
  52  12:29  Immortal  
  57  12:33  Probe  
  58  12:45  Probe  
  59  12:51  Void Ray  
  58  13:30  Probe  
  58  13:31  Void Ray  
  58  13:34  Void Ray  
  61  13:43  Probe  
  61  13:55  Probe  
  43  14:09  Dark Templar  
  45  14:14  Void Ray  
  49  14:17  Immortal, Void Ray  
  49  14:22  Probe  
  58  14:35  Probe  
  56  14:45  Dark Templar x2  
  41  14:50  Zealot  
  16  15:15  Dark Templar  
  16  15:42  Gateway  
  16  15:44  Gateway  
  16  16:13  Zealot  
Show
View Real Time Build Order
Export as new Build Order

ikennyng Protoss 

Build Orders:  

Get SALT Encoding   

  12  0:25  Probe  
  12  0:28  Pylon  
  13  0:33  Probe  
  13  0:42  Probe  
  15  0:54  Forge  
  15  1:24  Assimilator  
  15  1:26  Assimilator  
  15  1:28  Gateway  
  15  1:35  Probe  
  16  1:44  Probe  
  16  1:47  Gateway  
  16  1:53  Probe  
  18  2:05  Probe  
  19  2:09  Pylon  
  19  2:16  Pylon  
  19  2:17  Probe  
  20  2:29  Photon Cannon  
  20  2:36  Photon Cannon  
  20  2:38  Probe  
  21  2:46  Probe  
  22  2:55  Probe  
  23  3:03  Cybernetics Core  
  23  3:20  Gateway  
  23  3:27  Gateway  
  23  3:47  Warp Gate  
  23  3:49  Protoss Ground Weapons Level 1  
  23  3:54  Twilight Council  
  23  4:12  Gateway  
  23  4:17  Charge  
  23  4:49  Probe  
  24  5:01  Probe  
  24  5:05  Pylon  
  25  5:33  Protoss Ground Armor Level 1  
  24  5:55  Zealot  
  26  5:57  Blink, Zealot  
  26  5:58  Zealot  
  26  5:59  Zealot  
  26  6:01  Zealot  
  32  6:47  Pylon  
  32  7:05  Pylon  
  32  7:08  Pylon  
  32  7:18  Zealot  
  34  7:27  Protoss Ground Weapons Level 2  
  34  7:31  Zealot  
  34  7:32  Zealot  
  34  7:33  Zealot x2  
  42  7:50  Pylon  
  42  8:02  Pylon  
  42  8:05  Zealot x2  
  46  8:06  Zealot  
  48  8:15  Nexus  
  48  9:21  Zealot  
  48  9:23  Zealot  
  52  9:24  Zealot  
  52  9:25  Zealot  
  56  9:34  Pylon  
  54  9:49  Protoss Ground Weapons Level 3  
  38  10:29  Pylon  
  38  10:42  Pylon  
  38  10:47  Gateway  
  38  10:49  Gateway  
  38  10:54  Gateway  
  24  11:23  Zealot  
  24  11:24  Zealot  
  24  11:25  Zealot  
  30  11:26  Zealot x2  
  34  11:35  Pylon  
  34  11:54  Zealot  
  34  11:55  Zealot  
  34  11:56  Zealot  
  34  11:57  Zealot x2  
  34  11:58  Zealot  
  34  11:59  Zealot  
  34  12:00  Zealot  
  50  12:08  Pylon  
  50  12:26  Protoss Ground Armor Level 2  
  50  12:27  Gateway  
  50  12:30  Gateway  
  22  13:06  Stalker  
  22  13:07  Stalker  
  22  13:09  Stalker  
  22  13:10  Stalker  
  7  13:52  Nexus  
Show
View Real Time Build Order
Export as new Build Order

A.I. 2 (Very Hard) Zerg 

Build Orders: Pool First, Lurkers 

Get SALT Encoding   

  12  0:01  Drone  
  13  0:12  Overlord  
  13  0:17  Drone  
  14  0:30  Drone x2  
  14  0:34  Drone  
  17  0:47  Drone, Spawning Pool  
  17  1:12  Hatchery  
  17  1:13  Drone  
  17  1:16  Extractor  
  17  1:18  Extractor  
  15  1:19  Drone  
  15  1:24  Drone  
  17  1:29  Drone  
  18  1:38  Drone  
  19  1:48  Overlord  
  19  1:57  Queen  
  21  2:02  Zergling x2  
  22  2:10  Drone  
  23  2:24  Queen  
  26  2:30  Drone  
  26  2:35  Drone  
  27  2:39  Drone  
  27  2:43  Drone  
  29  2:57  Roach Warren  
  28  2:58  Drone  
  28  3:01  Drone  
  28  3:04  Zergling x2  
  31  3:07  Zergling x2  
  32  3:13  Overlord  
  32  3:16  Drone  
  32  3:19  Drone  
  34  3:37  Roach  
  34  3:39  Roach x3  
  42  3:42  Lair  
  42  3:47  Overlord  
  42  3:52  Overlord  
  42  3:55  Zergling x2  
  43  3:58  Zergling x2  
  44  4:05  Zergling x2  
  44  4:06  Drone x2  
  44  4:07  Drone  
  48  4:10  Drone  
  48  4:12  Drone  
  50  4:17  Overlord  
  50  4:21  Roach  
  52  4:25  Roach  
  52  4:29  Roach  
  56  4:31  Roach  
  56  4:35  Overlord  
  58  4:41  Drone  
  58  4:43  Drone  
  58  4:45  Hydralisk Den  
  58  4:46  Zergling x2  
  58  4:48  Drone  
  58  4:51  Roach  
  62  4:54  Roach  
  62  4:58  Overlord  
  63  5:01  Zergling x2  
  63  5:07  Drone  
  65  5:09  Drone  
  65  5:10  Drone  
  65  5:12  Drone  
  67  5:15  Drone, Hydralisk  
  68  5:21  Hydralisk  
  68  5:27  Hydralisk  
  72  5:32  Hydralisk  
  72  5:35  Drone  
  75  5:38  Overlord  
  75  5:40  Drone  
  75  5:41  Drone  
  77  5:44  Drone  
  77  5:45  Drone  
  77  5:47  Drone  
  77  5:49  Drone  
  81  5:52  Drone  
  81  5:54  Drone  
  81  5:56  Drone  
  84  5:57  Overlord  
  84  5:59  Drone  
  84  6:02  Drone  
  86  6:07  Hydralisk  
  86  6:09  Roach  
  90  6:15  Hydralisk, Overlord, Ravager  
  90  6:16  Ravager, Roach  
  96  6:18  Roach  
  96  6:22  Lurker Den  
  97  6:28  Metabolic Boost  
  97  6:33  Evolution Chamber, Hydralisk  
  97  6:36  Overlord  
  97  6:38  Drone  
  97  6:39  Drone  
  96  6:41  Drone  
  96  6:43  Drone  
  96  6:44  Drone  
  98  6:47  Hydralisk  
  100  7:00  Evolution Chamber, Zerg Melee Weapons Level 1  
  99  7:04  Evolution Chamber, Drone  
  99  7:05  Extractor  
  99  7:06  Drone  
  99  7:09  Overseer  
  99  7:12  Spine Crawler  
  99  7:13  Drone  
  99  7:14  Spine Crawler  
  98  7:16  Drone  
  98  7:23  Extractor  
  98  7:24  Drone  
  98  7:26  Zerg Missile Weapons Level 1  
  98  7:27  Drone x2  
  98  7:28  Drone x2  
  101  7:33  Zerg Ground Armor Level 1  
  101  7:42  Overlord  
  101  7:45  Hatchery  
  101  7:46  Drone x2  
  101  7:51  Roach x2  
  106  7:54  Lurker  
  107  7:58  Zergling x2  
  107  8:01  Overlord, Zergling x2, Roach x3  
  107  8:02  Zergling x2  
  116  8:19  Overlord, Roach  
  119  8:20  Roach x3  
  119  8:24  Lurker, Spore Crawler  
  123  8:29  Spore Crawler  
  122  8:37  Hydralisk x2, Overlord  
  126  8:48  Infestation Pit  
  125  8:56  Overlord  
  125  8:58  Drone, Queen  
  125  8:59  Drone  
  125  9:00  Drone  
  130  9:03  Drone  
  130  9:05  Drone  
  130  9:07  Drone  
  133  9:10  Drone  
  133  9:12  Drone  
  133  9:14  Drone  
  136  9:18  Overlord  
  136  9:19  Drone  
  136  9:21  Drone  
  136  9:23  Drone  
  139  9:25  Drone, Extractor  
  139  9:26  Drone  
  139  9:28  Drone  
  139  9:30  Drone  
  142  9:32  Drone x2  
  142  9:35  Hive  
  142  9:36  Drone, Overlord  
  142  9:38  Drone x2  
  140  9:41  Drone  
  140  9:42  Hydralisk  
  132  9:48  Zergling x2  
  132  9:50  Drone  
  132  9:51  Drone  
  132  9:52  Drone, Hydralisk, Zergling x2  
  133  9:56  Zergling x4  
  133  9:57  Zergling x2  
  133  9:58  Hydralisk  
  136  10:00  Hydralisk  
  136  10:02  Hydralisk  
  136  10:05  Zerg Melee Weapons Level 2  
  138  10:09  Hydralisk  
  138  10:12  Zerg Missile Weapons Level 2  
  138  10:13  Lurker  
  139  10:14  Roach  
  139  10:15  Hydralisk  
  139  10:20  Overlord  
  137  10:26  Lurker  
  137  10:27  Lurker  
  139  10:28  Hydralisk  
  139  10:32  Hydralisk  
  141  10:36  Extractor, Hydralisk  
  142  10:48  Viper  
  142  10:49  Spine Crawler  
  142  10:59  Viper, Zergling x2  
  142  11:00  Spine Crawler  
  142  11:02  Hydralisk, Spore Crawler  
  142  11:04  Lurker  
  142  11:05  Hydralisk  
  142  11:09  Spine Crawler  
  139  11:12  Spine Crawler  
  139  11:13  Drone  
  135  11:21  Hatchery, Spire  
  135  11:22  Drone  
  135  11:24  Zergling x2  
  134  11:28  Hydralisk  
  134  11:31  Hydralisk  
  136  11:35  Queen  
  136  11:36  Overseer  
  136  11:37  Hydralisk  
  140  11:40  Hydralisk, Overlord  
  139  11:51  Hydralisk  
  139  11:53  Spore Crawler  
  133  11:55  Hydralisk  
  133  11:56  Spore Crawler  
  133  11:59  Spine Crawler  
  128  12:02  Hydralisk, Lurker  
  122  12:09  Roach  
  122  12:11  Roach  
  122  12:12  Roach  
  122  12:14  Roach  
  121  12:16  Roach  
  121  12:17  Roach  
  121  12:19  Roach  
  121  12:20  Roach  
  121  12:22  Roach  
  131  12:23  Roach  
  131  12:25  Roach  
  131  12:26  Lurker  
  131  12:28  Ravager  
  131  12:29  Hydralisk, Roach  
  139  12:35  Drone x3  
  139  12:36  Drone x3, Overlord  
  148  12:37  Drone x3, Corruptor  
  148  12:38  Drone x2  
  148  12:39  Drone x2, Corruptor  
  148  12:43  Overseer  
  158  12:45  Corruptor  
  160  12:51  Corruptor  
  160  12:53  Extractor  
  160  12:56  Overlord  
  152  12:59  Corruptor  
  152  13:02  Drone x3  
  152  13:03  Drone  
  150  13:06  Corruptor  
  150  13:11  Zergling x2  
  150  13:12  Corruptor  
  152  13:13  Drone  
  152  13:15  Overlord  
  152  13:17  Drone  
  152  13:18  Drone  
  152  13:19  Zergling x2  
  158  13:21  Zergling x2  
  158  13:25  Corruptor  
  158  13:27  Drone  
  158  13:33  Infestor, Hydralisk  
  163  13:34  Overlord  
  163  13:36  Overseer  
  163  13:38  Overseer  
  162  13:42  Drone x3  
  162  13:45  Drone  
  162  13:46  Drone  
  162  13:47  Drone  
  158  13:49  Drone  
  158  13:51  Drone  
  158  13:53  Drone, Overseer  
  149  13:57  Overlord  
  149  13:59  Drone  
  149  14:01  Drone  
  145  14:03  Drone  
  145  14:04  Drone  
  145  14:06  Drone  
  145  14:08  Drone  
  149  14:10  Drone  
  149  14:11  Drone  
  149  14:12  Drone  
  149  14:14  Drone  
  149  14:16  Drone  
  152  14:17  Drone  
  152  14:19  Mutalisk  
  152  14:22  Overlord  
  155  14:24  Mutalisk  
  155  14:27  Mutalisk  
  155  14:29  Mutalisk  
  155  14:30  Zergling x2  
  159  14:33  Mutalisk  
  159  14:35  Overseer  
  159  14:36  Mutalisk  
  159  14:37  Hydralisk  
  158  14:40  Hydralisk  
  158  14:42  Overlord  
  158  14:48  Infestor  
  158  14:49  Spore Crawler  
  158  14:52  Spine Crawler  
  158  14:53  Drone  
  158  14:55  Spine Crawler  
  158  14:56  Infestor  
  158  14:57  Drone  
  161  15:01  Overlord  
  161  15:03  Overseer  
  161  15:04  Hydralisk, Zergling x2  
  161  15:07  Hydralisk x2  
  157  15:13  Pneumatized Carapace  
  161  15:15  Hydralisk  
  161  15:18  Hydralisk, Queen  
  161  15:19  Extractor  
  161  15:21  Hydralisk, Overlord  
  166  15:28  Queen  
  168  15:34  Lurker  
  168  15:35  Hydralisk  
  173  15:37  Spore Crawler  
  173  15:39  Viper  
  173  15:40  Overlord, Spore Crawler  
  174  15:43  Drone x2  
  174  15:49  Viper  
  179  15:57  Spine Crawler  
  179  15:58  Drone  
  179  16:02  Zergling x2  
  179  16:03  Hatchery  
  178  16:05  Drone  
Show
View Real Time Build Order
Export as new Build Order

A.I. 3 (Hard) Protoss 

Build Orders:  

Get SALT Encoding   

  12  0:01  Probe  
  13  0:13  Probe  
  14  0:20  Pylon  
  14  0:25  Probe  
  15  0:34  Probe  
  15  0:42  Probe  
  16  0:47  Assimilator  
  16  0:49  Gateway  
  17  0:51  Probe  
  18  0:58  Pylon  
  18  0:59  Probe  
  19  1:20  Probe  
  20  1:37  Zealot  
  22  1:40  Cybernetics Core  
  22  1:43  Gateway  
  22  1:46  Assimilator  
  22  1:56  Zealot  
  22  2:01  Pylon  
  24  2:20  Warp Gate  
  24  2:23  Stalker  
  26  2:30  Stalker  
  28  2:45  Pylon  
  28  2:52  Adept  
  28  2:53  Stalker  
  28  2:54  Probe  
  33  3:07  Probe  
  34  3:14  Forge  
  34  3:19  Probe  
  35  3:23  Stalker  
  37  3:28  Stalker  
  37  3:31  Probe  
  40  3:36  Pylon  
  40  3:43  Probe  
  41  3:55  Probe  
  42  5:02  Protoss Ground Weapons Level 1  
  42  5:13  Sentry  
  44  5:18  Robotics Facility  
  44  5:19  Photon Cannon  
  44  5:22  Photon Cannon, Zealot  
  44  5:26  Forge  
  46  5:32  Pylon  
  46  5:35  Gateway  
  46  5:36  Zealot  
  46  5:38  Stargate  
  46  5:41  Protoss Ground Armor Level 1  
  48  5:43  Twilight Council  
  48  5:45  Sentry  
  50  5:56  Adept  
  50  6:08  Stalker, Nexus, Observer  
  45  6:18  Stalker  
  45  6:28  Stalker  
  45  6:29  Observer  
  48  6:38  Adept  
  49  6:47  Zealot  
  51  6:56  Zealot  
  52  7:18  Probe  
  53  7:23  Probe  
  53  7:26  Probe  
  54  7:31  Assimilator  
  54  7:32  Pylon  
  54  7:33  Pylon  
  54  7:35  Assimilator, Probe x2  
  57  7:47  Probe x2  
  59  7:54  Photon Cannon  
  59  7:57  Photon Cannon  
  59  7:59  Probe  
  59  8:01  Probe  
  61  8:11  Probe  
  61  8:12  Probe  
  62  8:19  Probe  
  63  8:20  Probe  
  65  8:27  Probe  
  65  8:28  Probe  
  67  8:35  Stalker x2  
  67  8:37  Stalker x2  
  67  8:38  Probe  
  67  8:39  Probe  
  69  8:50  Probe  
  69  8:51  Probe  
  71  9:02  Probe  
  72  9:03  Probe  
  72  9:06  Immortal  
  73  9:15  Phoenix  
  77  9:18  Gateway  
  77  9:21  Robotics Facility  
  79  9:26  Stargate  
  79  9:28  Pylon  
  79  9:43  Warp Prism  
  79  9:52  Nexus, Pylon  
  69  10:01  Warp Prism  
  65  10:08  Stalker  
  59  10:18  Stalker, Warp Prism  
  63  10:27  Zealot  
  65  10:33  Observer  
  65  10:36  Stalker  
  65  10:41  Protoss Ground Weapons Level 2  
  68  10:46  Stalker  
  68  10:47  Protoss Ground Armor Level 2  
  70  10:55  Sentry  
  72  11:04  Phoenix  
  72  11:05  Probe  
  72  11:07  Probe  
  72  11:08  Probe  
  77  11:14  Immortal  
  77  11:17  Probe  
  82  11:24  Probe  
  83  11:39  Probe  
  84  11:41  Observer, Probe  
  84  11:43  Probe  
  84  11:45  Protoss Air Weapons Level 1  
  86  11:51  Probe  
  86  11:53  Probe  
  88  11:55  Probe  
  88  12:01  Probe  
  89  12:04  Assimilator  
  89  12:05  Probe  
  89  12:07  Probe  
  92  12:09  Probe  
  92  12:15  Assimilator  
  93  12:38  Protoss Shields Level 1  
  93  13:18  Protoss Ground Weapons Level 3, Zealot  
  95  13:23  Blink, Pylon  
  95  13:24  Stalker  
  97  13:30  Stalker  
  97  13:36  Sentry  
  97  13:39  Protoss Air Armor Level 1  
  99  13:42  Sentry  
  99  13:45  Pylon  
  99  13:48  Adept, Robotics Bay  
  103  13:51  Templar Archives  
  103  13:53  Dark Shrine  
  103  13:54  Stalker  
  105  14:00  Void Ray  
  109  14:10  Pylon  
  109  14:11  Fleet Beacon  
  109  14:35  Disruptor  
  109  14:37  Gravitic Drive  
  112  14:41  Disruptor  
  115  14:54  Tempest  
  120  15:01  Tempest  
  120  15:07  Disruptor  
  125  15:11  Disruptor  
  125  15:14  Nexus  
Tags
 
Add a new tag
Caveats
  • Supply blocks, unpowered buildings, or Contaminate may cause inaccurate times.
  • Supply counts are checked every 10 seconds.